 Dungeon Crawl Stone Soup version 0.32-a0-872-g59262bdc9b (webtiles) character file.

Game seed: 14933327163567415650

28 funkygono the Firebug (level 2, -2/15 HPs)
             Began as a Deep Elf Fire Elementalist on Mar 30, 2024.
             Slain by a jackal (3 damage)
             ... on level 1 of the Dungeon.
             The game lasted 00:01:23 (748 turns).

funkygono the Firebug (Deep Elf Fire Elementalist)   Turns: 748, Time: 00:01:23

Health: -2/15      AC:  2    Str:  4 (5)  XL:     2   Next: 96%
Magic:  0/8        EV: 11    Int: 18 (19) God:
Gold:   86         SH:  0    Dex: 12 (15) Spells: 5/8 levels left

rFire   . . .        (no weapon)
rCold   . . .        (no shield)
rNeg    . . .        a - +0 robe
rPois   .            (no helmet)
rElec   .            (no cloak)
rCorr   .            (no gloves)
SInv    .            (no boots)
Will    .....        (no amulet)
Stlth   ++           d - ring of wizardry
HPRegen 0.22/turn    (no ring)
MPRegen 0.11/turn

%: wizardry (x1)
@: lethally poisoned (-2 -> -9)
A: no striking features
a: no special abilities


You were on level 1 of the Dungeon.
You visited 1 branch of the dungeon, and saw 2 of its levels.

You collected 86 gold pieces.

Inventory:

Armour
 a - a +0 robe (worn)
Jewellery
 d - a ring of wizardry (left hand)
Talismans
 e - a beast talisman
Scrolls
 f - 2 scrolls of identify {unknown}
Potions
 b - a potion of magic
 c - 3 potions of degeneration
 g - a potion of haste {unknown}


   Skills:
 + Level 2.6 Dodging
 + Level 2.7 Stealth
 + Level 3.5 Spellcasting
 + Level 1.2 Conjurations
 + Level 4.0 Fire Magic


You had 5 spell levels left.
You knew the following spells:

 Your Spells              Type           Power      Damage    Failure   Level
a - Foxfire               Conj/Fire      48%        2x1d6     2%          1
b - Scorch                Fire           34%        2d6       1%          2

Your spell library contained the following spells:

 Spells                   Type           Power      Damage    Failure   Level
 Inner Flame              Hex/Fire       10%        N/A       9%          3
 Volatile Blastmotes      Fire/Tloc      20%        2d11      9%          3
 Flame Wave               Conj/Fire      12%        2d6       21%         4


Dungeon Overview and Level Annotations

Branches:
Dungeon (2/15)

Altars:


Message History

The adder attacks as it pursues you! The adder bites you.
The adder bites you but does no damage.
A ribbon worm comes into view.
The ribbon worm moves out of view.
The adder attacks as it pursues you! The adder barely misses you.
The adder barely misses you.
There is a stone staircase leading up here.
The adder barely misses you.
You climb upwards.
There is a stone staircase leading down here.
Casting: Foxfire (safe; 1% risk of failure)
Confirm with . or Enter, or press ? or * to list all spells.
You conjure some foxfire!
The jackal bites you. The adder bites you. The jackal bites you.
The foxfire hits the adder.
The adder is severely wounded.
The foxfire hits the jackal.
The jackal is moderately wounded.
The jackal attacks as it pursues you! The jackal bites you.
The adder barely misses you. The jackal attacks as it pursues you!
The jackal barely misses you.
Casting: Foxfire (safe; 1% risk of failure)
Confirm with . or Enter, or press ? or * to list all spells.
You conjure some foxfire!
The jackal bites you. The adder bites you.
You are poisoned.
The adder poisons you! The jackal bites you. The adder bites you.
* * * LOW HITPOINT WARNING * * *
You are more poisoned.
The adder poisons you!
It was a potion of degeneration.
There was something very wrong with that liquid.
You feel weakened.
You feel dopey.
You feel clumsy.
* * * LOW HITPOINT WARNING * * *
You feel very sick.
The foxfire hits the jackal.
The jackal is severely wounded.
The foxfire hits the jackal.
The jackal is almost dead.
The jackal bites you.
You die...

................###############..
......###.....>..................
####### ####.......##..########..
...## #..###...#..## #.. ##..#
###.####......#### #.. ##.#
#........>......÷###### #.#
#..................##..
#.#######.....hS#........#.....
#.............@................
#########.....§.#........#.....
#.......#........##....
#.......#........##....
#########........##....
###########.... ##... ##.. ###


You could see an adder and a jackal.

Vanquished Creatures
  An adder (D:2)
  A bat (D:1)
  An endoplasm (D:1)
  3 giant cockroaches (D:1)
  A hobgoblin (D:1)
  A jackal (D:2)
  2 kobolds (D:1)
  A quokka (D:1)
  A ball python (D:2)
  3 frilled lizards (D:1)
  3 rats (D:1)
18 creatures vanquished.

Vanquished Creatures (others)
  78 foxfires
78 creatures vanquished.

Grand Total: 96 creatures vanquished

Notes
Turn   | Place    | Note
-------+----------+-------------------------------------------
     0 | D:1      | funkygono the Deep Elf Fire Elementalist began the quest
                  | for the Orb.
     0 | D:1      | Reached XP level 1. HP: 10/10 MP: 6/6
   256 | D:1      | Reached XP level 2. HP: 15/15 MP: 5/8
   307 | D:1      | Learned a level 2 spell: Scorch
   715 | D:2      | Found a faded altar of an unknown god.
   730 | D:2      | Reached skill level 4 in Fire Magic
   748 | D:1      | Slain by a jackal

Illustrated notes

Levels and vault maps discovered:
D:1:      giann_bridges, layout_rooms
D:2:      layout_rooms, nicolae_ecumenical_snake_handling

Skill      XL: |  1  2 |
---------------+-------+-----
Fire Magic     | 4 |  4.0
Dodging        | |  2.6
Stealth        | |  2.7
Spellcasting   | |  3.5
Conjurations   | |  1.2

Action                     || total
---------------------------++-------
   Cast: Foxfire           ||    42
         Scorch            ||     2
    Use: Potion            ||     1
 Armour: Robe              ||    11
  Dodge: Dodged            ||     9

Table legend: (Time is in decaauts)
 A = Elapsed time spent in this place.
 B = Non-inter-level travel time spent in this place.
 C = Inter-level travel time spent in this place.
 D = Time resting spent in this place.
 E = Time spent auto-exploring this place.
 F = Levels seen in this place.
 G = Mean time per level.
                   A        B        C        D        E       F      G
               +--------+--------+--------+--------+--------+-----+--------+
         Total |    747 |    731 |     16 |      0 |    609 |   2 |  373.5 |
       Dungeon |    747 |    731 |     16 |      0 |    609 |   2 |  373.5 |
               +--------+--------+--------+--------+--------+-----+--------+

Top non-repeatable levels by time:
     D:1: 687 daAuts
     D:2: 60 daAuts
